Map: Templo congelado

Players

xXkazperXx - Winner!

  • Race: Zerg Zerg
  • League: Bronze

RANURA DE IA (Más difícil)

  • Race: Zerg Zerg

VOD

Have the link to the VOD?

Description

Time

  • Played on: April 9, 2016, 9:50 a.m.
  • Length: 18:29
Show
View Real Time Build Order
Export as new Build Order

xXkazperXx Zerg - Winner!

Build Orders: Pool First 

Get SALT Encoding   

  12  0:01  Drone  
  13  0:15  Overlord  
  13  0:31  Spawning Pool  
  13  0:34  Drone  
  13  0:52  Drone x2  
  13  0:53  Drone  
  16  0:57  Extractor  
  15  1:14  Drone  
  15  1:15  Drone  
  17  1:23  Queen  
  19  1:25  Zergling x2  
  20  1:38  Zergling x2  
  21  1:48  Drone  
  22  1:58  Overlord  
  22  2:19  Extractor, Drone x2  
  23  2:28  Roach Warren  
  22  2:34  Drone x2  
  22  2:35  Drone x2  
  26  2:52  Drone  
  27  3:08  Roach  
  27  3:12  Overlord  
  29  3:14  Drone  
  29  3:18  Lair  
  29  3:31  Roach x3  
  35  3:53  Roach  
  35  3:55  Overlord  
  37  4:17  Burrow  
  37  4:19  Roach x3  
  44  4:31  Drone  
  44  4:45  Overlord  
  44  4:47  Drone  
  45  5:13  Hydralisk Den  
  44  5:17  Roach x3  
  37  5:45  Roach x3  
  37  6:03  Zergling x2  
  37  6:04  Zergling x2  
  39  6:11  Roach  
  41  6:23  Roach  
  43  6:31  Pneumatized Carapace  
  43  6:33  Tunneling Claws  
  43  6:34  Metabolic Boost  
  43  6:37  Lurker Den  
  43  6:41  Roach  
  43  6:45  Roach  
  47  7:03  Hatchery  
  46  7:13  Evolution Chamber  
  45  7:17  Roach x4  
  45  7:18  Overlord  
  53  7:45  Infestation Pit  
  53  7:48  Zerg Ground Armor Level 1  
  52  7:53  Spire  
  52  7:54  Roach x3  
  57  8:24  Drone x3  
  57  8:26  Drone  
  57  8:27  Queen, Drone  
  62  8:29  Hive  
  62  8:51  Hydralisk x3  
  68  9:09  Overlord x2  
  54  10:09  Roach x3  
  54  10:10  Roach x3  
  66  10:15  Zergling x4  
  66  10:16  Zergling x4  
  66  10:18  Hydralisk x2  
  74  10:33  Mutalisk, Extractor  
  74  10:35  Overlord  
  75  10:36  Extractor  
  74  10:55  Mutalisk, Hydralisk x5  
  74  10:56  Mutalisk x2  
  80  10:57  Drone x2  
  80  10:58  Drone  
  80  11:00  Roach x15  
  80  11:02  Drone  
  60  12:02  Roach x7  
  60  12:06  Roach x2, Hydralisk x3  
  84  12:08  Overlord  
  84  12:48  Overseer  
  84  13:01  Mutalisk  
  84  13:02  Mutalisk x2  
  84  13:03  Mutalisk  
  84  13:05  Overlord  
  92  13:09  Hatchery  
  87  13:14  Hydralisk x3  
  87  13:15  Hydralisk x4  
  87  13:19  Roach x8  
  87  13:20  Roach x5  
  87  13:47  Overseer  
  77  14:08  Hydralisk x3  
  81  14:10  Hydralisk x3  
  85  14:45  Hydralisk x9  
  85  14:46  Hydralisk x3  
  85  14:50  Roach x11  
  85  14:54  Drone x3  
  85  14:55  Queen  
  90  15:03  Drone x3  
  90  15:05  Drone  
  90  15:06  Drone x2  
  88  16:29  Roach  
  88  16:30  Roach x2  
  94  16:34  Mutalisk x2  
  94  16:35  Mutalisk x2  
  94  16:37  Overlord x2  
  102  16:50  Extractor  
  102  16:52  Extractor  
  100  16:55  Hydralisk x12  
  100  17:00  Roach x13  
  100  17:02  Zergling x4  
  100  17:03  Zergling x6  
  100  17:07  Drone x5  
Show
View Real Time Build Order
Export as new Build Order

RANURA DE IA (Más difícil) Zerg 

Build Orders: Pool First 

Get SALT Encoding   

  12  0:00  Drone  
  13  0:12  Overlord  
  13  0:17  Drone  
  14  0:30  Drone  
  14  0:31  Drone  
  16  0:43  Spawning Pool  
  16  0:45  Drone  
  16  0:49  Drone  
  17  0:52  Extractor  
  17  0:55  Drone  
  17  1:06  Overlord  
  17  1:30  Queen  
  17  1:31  Zergling x2  
  20  1:35  Zergling x2  
  20  1:36  Roach Warren  
  20  1:38  Drone  
  21  1:42  Extractor  
  20  1:49  Drone  
  21  2:00  Drone  
  22  2:18  Roach  
  22  2:22  Roach  
  26  2:32  Overlord  
  26  2:36  Roach  
  28  2:41  Roach  
  30  2:50  Roach, Drone  
  33  2:54  Overlord  
  33  3:05  Drone  
  34  3:09  Roach  
  36  3:13  Roach  
  36  3:16  Overlord  
  36  3:17  Roach  
  40  3:27  Roach  
  42  3:35  Baneling Nest  
  42  3:38  Drone  
  42  3:40  Roach, Drone  
  42  3:41  Drone  
  46  3:50  Drone  
  47  3:57  Evolution Chamber  
  47  4:00  Drone  
  47  4:12  Overlord, Drone x2  
  49  4:23  Drone  
  50  4:46  Lair  
  50  4:52  Overlord  
  50  4:58  Zerg Melee Weapons Level 1  
  50  5:20  Hatchery  
  42  5:38  Drone  
  42  5:42  Zergling x2  
  39  5:44  Hydralisk Den, Burrow  
  39  5:45  Drone  
  39  5:49  Roach  
  37  5:57  Roach  
  37  6:04  Roach  
  39  6:11  Roach  
  41  6:18  Roach  
  43  6:25  Roach  
  45  6:32  Hydralisk, Drone  
  48  6:33  Drone x2  
  48  6:34  Drone  
  51  6:43  Hydralisk, Drone  
  54  6:50  Hydralisk  
  54  6:51  Drone x2  
  54  6:53  Zerg Ground Armor Level 1  
  54  6:54  Drone  
  59  6:55  Drone  
  60  7:04  Overlord  
  60  7:05  Drone  
  61  7:13  Muscular Augments  
  61  7:15  Drone  
  62  7:16  Drone  
  62  7:21  Hydralisk  
  62  7:22  Drone  
  66  7:23  Drone  
  66  7:27  Overlord  
  66  7:28  Hydralisk  
  69  7:32  Overseer  
  69  7:33  Overseer  
  69  7:36  Drone  
  70  7:38  Drone  
  70  7:39  Spore Crawler  
  70  7:44  Spore Crawler  
  69  7:47  Drone  
  69  7:48  Spore Crawler  
  69  7:49  Drone  
  70  7:54  Roach, Spore Crawler, Drone  
  70  7:57  Queen  
  74  8:02  Roach  
  74  8:03  Queen  
  78  8:08  Hydralisk  
  78  8:10  Spine Crawler  
  78  8:12  Spine Crawler  
  78  8:13  Drone  
  78  8:14  Drone  
  78  8:19  Spine Crawler  
  79  8:20  Drone  
  79  8:26  Spine Crawler  
  79  8:30  Infestation Pit  
  78  8:35  Spire  
  78  8:36  Drone  
  78  8:41  Evolution Chamber  
  78  8:42  Drone  
  78  8:47  Zerg Missile Weapons Level 1  
  78  8:53  Zergling x2  
  78  8:54  Zergling x2  
  80  8:56  Overlord  
  80  8:58  Zergling x2  
  80  9:00  Zergling x2  
  82  9:05  Hatchery  
  81  9:11  Baneling x3  
  81  9:15  Zergling x2  
  81  9:17  Zergling x2  
  83  9:23  Overlord  
  83  9:24  Roach x4  
  83  9:29  Zergling x2  
  71  9:40  Zergling x2, Extractor  
  71  9:42  Zergling x2, Pneumatized Carapace  
  71  9:44  Zergling x2  
  69  9:45  Zergling x2  
  69  9:47  Mutalisk x2  
  69  9:48  Zergling x2, Mutalisk x2  
  69  9:50  Zergling x2  
  72  9:57  Extractor  
  71  10:10  Zergling x2, Baneling  
  71  10:13  Baneling  
  73  10:14  Drone  
  73  10:16  Zergling x2, Baneling  
  73  10:19  Overseer, Drone  
  75  10:24  Drone  
  75  10:26  Drone  
  77  10:29  Mutalisk  
  77  10:30  Drone  
  77  10:31  Extractor  
  77  10:34  Drone  
  80  10:36  Drone  
  80  10:38  Mutalisk, Drone  
  80  10:40  Drone  
  86  10:42  Drone  
  86  10:43  Extractor  
  86  10:44  Drone  
  86  10:46  Drone  
  86  10:47  Mutalisk  
  86  10:49  Drone  
  90  10:51  Drone  
  90  10:52  Drone  
  90  10:54  Drone  
  90  10:56  Drone  
  90  10:57  Mutalisk  
  94  10:58  Drone  
  94  11:00  Drone  
  94  11:02  Drone  
  94  11:04  Drone  
  100  11:06  Drone  
  100  11:09  Overlord  
  101  11:12  Drone  
  101  11:13  Drone  
  101  11:15  Drone  
  101  11:16  Drone  
  105  11:19  Metabolic Boost  
  105  11:25  Zergling x2  
  103  11:28  Zergling x2  
  103  11:29  Zergling x2  
  103  11:30  Zergling x2, Baneling  
  103  11:31  Zergling x2  
  103  11:32  Zergling x2, Roach  
  100  11:34  Zergling x2  
  100  11:35  Zergling x2  
  100  11:36  Zergling x2  
  100  11:37  Zergling x2  
  89  11:40  Mutalisk  
  89  11:44  Mutalisk  
  89  11:46  Mutalisk  
  83  11:49  Mutalisk  
  85  11:57  Zergling x4  
  85  11:59  Zergling x4, Overseer  
  85  12:00  Zergling x2  
  85  12:01  Zergling x2  
  86  12:02  Zergling x2  
  86  12:03  Zergling x2  
  86  12:07  Overlord  
  86  12:08  Overseer  
  83  12:17  Mutalisk  
  83  12:18  Mutalisk  
  80  12:23  Overlord, Hatchery  
  80  12:25  Mutalisk  
  80  12:27  Zergling x2  
  80  12:28  Zergling x2  
  75  12:30  Zergling x2  
  75  12:31  Zergling x2  
  75  12:32  Zergling x2  
  75  12:33  Zergling x2  
  75  12:36  Mutalisk  
  80  12:40  Overlord  
  80  12:43  Overlord  
  79  12:46  Overlord, Baneling  
  79  12:47  Baneling  
  79  12:51  Baneling  
  79  12:52  Overseer, Baneling x2  
  72  13:01  Zergling x8, Mutalisk  
  72  13:03  Mutalisk  
  72  13:04  Zergling x2  
  66  13:15  Drone  
  66  13:16  Overseer  
  66  13:17  Drone  
  64  13:20  Zergling x2  
  64  13:23  Zergling x2, Drone  
  64  13:25  Baneling  
  66  13:28  Zergling x2  
  66  13:29  Baneling  
  66  13:32  Zergling x8  
  68  13:44  Drone  
  58  13:49  Drone  
  58  13:51  Baneling  
  41  13:59  Zergling x2  
  30  14:04  Zergling x2  
  30  14:08  Zergling x2  
  30  14:09  Mutalisk  
  26  14:10  Zergling x2  
  28  14:17  Baneling  
  28  14:21  Baneling  
  27  14:28  Drone  
  27  14:29  Drone  
  15  14:49  Hatchery  
  10  15:34  Drone  
  9  15:41  Drone  
  9  15:45  Hydralisk, Drone  
  6  16:26  Hatchery, Drone  
  6  16:37  Overlord  
  6  16:46  Drone  
  7  16:55  Drone  
  8  17:04  Drone  
  9  17:12  Drone  
  10  17:19  Drone  
  11  17:25  Drone  
  12  17:33  Drone  
  13  17:40  Drone  
Tags
 
Add a new tag
Caveats
  • Supply blocks, unpowered buildings, or Contaminate may cause inaccurate times.
  • Supply counts are checked every 10 seconds.